 Dungeon Crawl Stone Soup version 0.17-a0-2069-g0f4ee5b (webtiles) character file.

74 Shim the Charmwright (level 4, 0/30 HPs)
             Began as a High Elf Skald on Oct 13, 2015.
             Slain by Sigmund
             ... wielding a +0 scythe
              (14 damage)
             ... on level 2 of the Dungeon.
             The game lasted 00:13:13 (2654 turns).

Shim the Charmwright (High Elf Skald)               Turns: 2654, Time: 00:13:13

Health: 0/30       AC:  3    Str: 11    XL:     4   Next: 9%
Magic:  1/9        EV: 12    Int: 15    God:
Gold:   85         SH:  0    Dex: 16    Spells: 2 memorised, 4 levels left

rFire  . . .     SeeInvis .     k - +1 dagger (pain)
rCold  . . .     Clarity  .     b - +0 leather armour
rNeg   . . .     SustAt   .     (no shield)
rPois  .         Gourm    .     (no helmet)
rElec  .         Spirit   .     (no cloak)
rCorr  .         Warding  .     (no gloves)
rMut   .         Stasis   .     (no boots)
MR     .....                    (no amulet)
Stlth  +.........               (no ring)
                                (no ring)

@: confused, very slightly contaminated, not resistant to hostile enchantments,
very unstealthy
A: no striking features
a: no special abilities


You were on level 2 of the Dungeon.
You were not hungry.

You visited 1 branch of the dungeon, and saw 2 of its levels.

You collected 85 gold pieces.

Inventory:

Hand Weapons
 a - a +0 short sword
 k - a +1 dagger of pain (weapon)
Armour
 b - a +0 leather armour (worn)
Scrolls
 e - 2 scrolls of remove curse {unknown}
 f - a scroll of enchant weapon {unknown}
 h - 3 scrolls of identify {unknown}
 i - a scroll of enchant armour {unknown}
 j - a scroll of noise {unknown}
 l - a scroll of fear {unknown}
 o - a scroll of amnesia {unknown}
 q - a scroll of teleportation {unknown}
Potions
 m - 2 potions of agility {unknown}
Books
 c - a book of Battle

   Spells                             Type                      Level
   a - Infusion                       Charms                       1
   b - Shroud of Golubria             Charms/Translocation         2
   c - Song of Slaying                Charms                       2
   d - Spectral Weapon                Hexes/Charms                 3
   e - Regeneration                   Charms/Necromancy            3
Comestibles
 d - a bread ration
 n - a slice of pizza
 p - a royal jelly


   Skills:
 + Level 2.4 Fighting
 + Level 2.7 Short Blades
 + Level 1.4 Armour
 + Level 1.8 Dodging
 * Level 1.0 Stealth
 + Level 2.9 Spellcasting
 + Level 4.4 Charms


You had 4 spell levels left.
You knew the following spells:

 Your Spells              Type           Power        Failure   Level  Hunger
a - Infusion              Chrm           ###...       4%          1    #......
b - Regeneration          Chrm/Necr      #.........   38%         3    ###....


Dungeon Overview and Level Annotations

Branches:
Dungeon (2/15)

Altars:

Annotations:
D:2 Sigmund


Message History

You miss something. You hit something. Something hits you.
You hit something. You miss something.
Your magical infusion is running out.
Something hits you.
You hit something. You hit something.
You hear some strange, mumbled words.
A puff of flame appears from out of thin air!
The puff of flame hits you! Something hits you.
You are no longer magically infusing your attacks.
You hear some strange, mumbled words.
Something tries to affect you, but you resist.
You are confused.
You bump into the rock wall.
Sigmund appears from thin air!
Reactivating autopickup.
Sigmund hits you from afar with a scythe!
You die...

#.# #.# #.#
#########.# ## #.#
#.........# .# #.#
#.######### .# #.#
#.#
.######.########.#
........†.....@..#
.######.#######..#
.######.# #.@#
.#......# #####.#
.#.###### #.....##
##.#########.###..#
................>.#
.#.#########.###..#
.......... #..#
.#.######### #..#
.#.........# #..#


You could see Sigmund.

Vanquished Creatures
  4 adders (D:2)
  A worm (D:1)
  2 giant geckos (D:1)
  A giant cockroach (D:1)
  4 goblins (D:1)
  4 hobgoblins (D:1)
  2 jackals (D:1)
  2 kobolds (D:1)
  2 ball pythons (D:1)
  4 bats
  5 giant newts
  4 rats
35 creatures vanquished.

Notes
Turn   | Place    | Note
--------------------------------------------------------------
     0 | D:1      | Shim the High Elf Skald began the quest for the Orb.
     0 | D:1      | Reached XP level 1. HP: 14/14 MP: 4/4
   193 | D:1      | Reached skill level 1 in Armour
   221 | D:1      | Reached XP level 2. HP: 6/19 MP: 1/6
   486 | D:1      | Reached skill level 4 in Charms
  1487 | D:2      | Reached XP level 3. HP: 24/24 MP: 8/8
  1956 | D:2      | Noticed Sigmund
  2158 | D:2      | Reached skill level 1 in Stealth
  2184 | D:2      | Learned a level 3 spell: Regeneration
  2300 | D:2      | HP: 1/25 [something (4)]
  2631 | D:2      | Reached XP level 4. HP: 30/30 MP: 5/9
  2654 | D:2      | Slain by Sigmund

Vault maps used:
D:1:      minmay_arrival_shattered_statue
D:2:      kennysheep_big_flooded_room, first_bread, uniq_sigmund, uniq_natasha

Action                   |  1- 3 |  4- 6 || total
-------------------------+-------+-------++-------
Melee: Short sword       |    77 |       ||    77
       Dagger            |    60 |    10 ||    70
 Cast: Infusion          |    17 |       ||    17
       Regeneration      |     2 |       ||     2
  Eat: Chunk             |     3 |       ||     3
       Meat ration       |     1 |       ||     1
